 Dungeon Crawl Stone Soup version 0.22-a0-558-gc224181 (webtiles) character file.

18144 Amnesiac the Thaumaturge (level 12, -2/88 HPs)
             Began as a Mummy Enchanter on June 27, 2018.
             Was a High Priest of Dithmenos.
             Slain by a troll (10 damage)
             ... on level 12 of the Dungeon.
             The game lasted 00:37:07 (14992 turns).

Amnesiac the Thaumaturge (Mummy Enchanter)         Turns: 14992, Time: 00:37:08

Health: -2/88      AC:  6    Str: 11    XL:     12   Next: 25%
Magic:  0/34       EV: 17    Int: 19    God:    Dithmenos [*****.]
Gold:   467        SH:  0    Dex: 13    Spells: 11/29 levels left

rFire    . . .     SeeInvis .   a - +8 quick blade
rCold    + . .     Gourm    .   (no shield)
rNeg     + + +     Faith    .   w - +2 robe {rF+}
rPois    ∞         Spirit   +   l - -1 helmet
rElec    .         Reflect  .   c - +0 cloak
rCorr    .         Harm     .   p - +0 pair of gloves
MR       +....                  (no boots)
Stlth    ++++++....             x - amulet of guardian spirit
HPRegen  0.24/turn              h - +3 ring of evasion
MPRegen  0.24/turn              D - ring of magical power

@: wreathed by umbra, studying Translocations
A: no food or potions, fire vulnerability, cold resistance 1, negative energy
resistance 3, torment resistance, unbreathing
a: Shadow Step, Shadow Form, Renounce Religion


You were on level 12 of the Dungeon.
You worshipped Dithmenos.
Dithmenos was extremely pleased with you.
You were not hungry.

You visited 2 branches of the dungeon, and saw 13 of its levels.

You collected 789 gold pieces.
You spent 322 gold pieces at shops.

Inventory:

Hand Weapons
 a - a +8 quick blade (weapon)
 b - a +0 hunting sling of velocity
Missiles
 e - 297 stones (quivered)
 y - 15 sling bullets
 E - a throwing net
Armour
 c - a +0 cloak (worn)
 k - a +0 shield
 l - a -1 helmet (worn)
 p - a +0 pair of gloves (worn)
 w - a +2 robe of fire resistance (worn)
 C - the -1 helmet of the Flute {rElec rPois rF- Regen+}
   (You found it on level 9 of the Dungeon)

   It makes you vulnerable to fire.
   It insulates you from electricity.
   It protects you from poison.
   It increases your rate of regeneration.
Jewellery
 g - an uncursed ring of teleportation
 h - a +3 ring of evasion (left hand)
 x - an amulet of guardian spirit (around neck)
 z - an uncursed ring of wizardry
 D - a ring of magical power (right hand)
Wands
 d - a wand of flame (30)
 o - a wand of digging (13)
 u - a wand of iceblast (9)
 G - a wand of paralysis (19)
Scrolls
 f - 11 scrolls of teleportation {!r}
 j - 5 scrolls of remove curse {!r}
 m - a scroll of fear {!r}
 n - a scroll of enchant armour {!r}
 q - 2 scrolls of amnesia {!r}
 r - 9 scrolls of identify {!r}
 s - a scroll of magic mapping {!r}
 t - 2 scrolls of immolation {!r}
 v - a scroll of acquirement {!r}
 A - 3 scrolls of fog {!r}
 F - a scroll of vulnerability {!r, unknown}
 H - a scroll of noise {!r, unknown}
Books
 B - a manual of Translocations


   Skills:
 + Level 6.1 Fighting
 - Level 8.0 Short Blades
 + Level 5.0 Dodging
 + Level 8.8 Stealth
 + Level 5.0 Shields
 - Level 9.0 Spellcasting
 - Level 9.0 Hexes


You had 11 spell levels left.
You knew the following spells:

 Your Spells              Type           Power        Failure   Level  Hunger
a - Ensorcelled Hibernat  Hex/Ice        ####..       1%          2    N/A
b - Passwall              Tmut/Erth      #.......     12%         2    N/A
c - Cause Fear            Hex            #####.....   1%          4    N/A
d - Dazzling Spray        Conj/Hex       ####..       3%          3    N/A
e - Confuse               Hex            #####...     1%          3    N/A
w - Tukima's Dance        Hex            #####...     1%          3    N/A
z - Confusing Touch       Hex            #####.       1%          1    N/A

Your spell library contained the following spells:

 Spells                   Type           Power        Failure   Level  Hunger
 Apportation              Tloc           #.....       9%          1    N/A
 Slow                     Hex            #####...     1%          2    N/A
 Summon Small Mammal      Summ           #...         9%          1    N/A
 Animate Skeleton         Necr           N/A          9%          1    N/A
 Stone Arrow              Conj/Erth      #.....       24%         3    N/A
 Metabolic Englaciation   Hex/Ice        ####......   34%         5    N/A
 Corona                   Hex            #####..      1%          1    N/A
 Lee's Rapid Deconstruct  Erth           #.........   92%         5    N/A
 Sandblast                Erth           #.....       9%          1    N/A
 Portal Projectile        Hex/Tloc       ####..       3%          3    N/A
 Petrify                  Tmut/Erth      #.......     63%         4    N/A
 Leda's Liquefaction      Hex/Erth       ####......   13%         4    N/A
 Inner Flame              Hex/Fire       ####....     3%          3    N/A
 Gell's Gravitas          Tloc           #.........   24%         3    N/A
 Yara's Violent Unravell  Hex/Tmut       ####......   34%         5    N/A

Dungeon Overview and Level Annotations

Branches:
Dungeon (12/15)            Temple (0/1) D:4            Lair (0/6) D:9
    Orc (1/2) D:10

Altars:
Dithmenos
Gozag
Hepliaklqana
Nemelex Xobeh
Okawaru
Ru
Trog
Vehumet
Xom
Yredelemnul
Zin
The Shining One
Beogh

Shops:
D:8 *%?(:   D:11 *

Annotations:
D:9 1 transporter


Innate Abilities, Weirdness & Mutations

You do not eat or drink.
Your flesh is vulnerable to fire.
You are immune to poison.
Your flesh is cold resistant. (rC+)
You are immune to negative energy. (rN+++)
You are immune to unholy pain and torment.
You can survive without breathing.


Message History

You hit something. Something hits you.
Casting: Confuse (safe; 1% risk of failure)
Confirm with . or Enter, or press ? or * to list all spells.
Aiming: Confuse (safe; 1% risk of failure)
Press: ? - help, Shift-Dir - straight line, f - troll
Aim: a troll (umbra, chance to defeat MR: 68%) Nothing appears to happen.
Something hits you. Something hits you! Something barely misses you.
Unknown command.
You hit something. You hit something. Something hits you!
You hit something. You hit something. You hit something. You hit something.
Something hits you but does no damage.
Casting: Confuse (safe; 1% risk of failure)
Confirm with . or Enter, or press ? or * to list all spells.
Aiming: Confuse (safe; 1% risk of failure)
Press: ? - help, Shift-Dir - straight line, f/p - troll
Aim: a troll (umbra, chance to defeat MR: 68%) Nothing appears to happen.
Something completely misses the troll.
Something closely misses the troll.
You closely miss something. You hit something. Something hits you.
You hit something.
Something barely misses the troll.
You closely miss something. Something hits you.
* * * LOW HITPOINT WARNING * * *
You barely miss something.
Casting: Confuse (safe; 1% risk of failure)
Confirm with . or Enter, or press ? or * to list all spells.
Aiming: Confuse (safe; 1% risk of failure)
Press: ? - help, Shift-Dir - straight line, f/p - troll
Aim: a troll (umbra, chance to defeat MR: 68%) Nothing appears to happen.
Something barely misses the troll.
Something barely misses you.
Something hits the troll.
You hit something. Something closely misses you.
You puncture something! Dithmenos accepts your kill.
Reactivating autopickup.
Your Dodging skill increases to level 5!
Your Shields skill increases to level 5!
You feel a bit more experienced. The troll bites you!!
* * * LOW HITPOINT WARNING * * *
The troll misses you. The troll claws you!
* * * LOW HITPOINT WARNING * * *
Casting: Confuse (safe; 1% risk of failure)
Confirm with . or Enter, or press ? or * to list all spells.
Aiming: Confuse (safe; 1% risk of failure)
Press: ? - help, Shift-Dir - straight line, f/p - troll
Aim: a troll (lightly wounded, umbra, chance to defeat MR: 68%)
The troll appears confused.
The troll bites you!
* * * LOW HITPOINT WARNING * * *
The troll barely misses you. The troll misses you.
Unknown command.
You barely miss the troll.
The troll is lightly wounded.
Unknown command.
Found an escape hatch in the floor.
You barely miss the troll.
The troll is lightly wounded.
Unknown command.
You barely miss the troll. The troll closely misses you. The troll claws you!
You die...

## # ..# .# ...# ≈≈.
...># ≈≈≈≈ .....#
#####..≈≈≈
......#####........#
........S.........#
...##.T#####.......
#.@# ....... #..#
....... #..# .......
#..# ....... #..#
....... #..# .......
...# .#.#


You could see a troll (confused) and an adder.

Vanquished Creatures
  Harold (D:11)
  A centaur warrior (D:11)
  4 two-headed ogres
  4 death yaks
  An unseen horror (D:12)
  Pikel (D:6)
  2 centaur zombies
  Maurice (D:8)
  2 centaur skeletons (D:11)
  A kobold demonologist (D:10)
  A tengu conjurer (D:10)
  A hornet (D:10)
  3 trolls (D:10)
  A hippogriff (D:7)
  Grinder (D:5)
  15 yaks
  A human (D:4)
  A hungry ghost (D:9)
  2 sky beasts
  3 ice beasts
  2 orc warriors
  2 slaves (D:7)
  5 ogres
  A phantom (D:7)
  2 eyes of draining (D:11)
  4 centaurs
  A big kobold (D:11)
  A gnoll sergeant (D:9)
  5 bullfrogs
  3 wyvern skeletons
  5 scorpions
  7 wights
  6 killer bees
  11 howler monkeys
  3 crimson imps
  2 quasits
  A bullfrog zombie (D:10)
  A jelly (D:6)
  A human zombie (D:4)
  6 hounds
  15 orc priests
  2 bullfrog skeletons
  5 iguanas
  8 orc wizards
  4 worker ants
  A hound skeleton (D:11)
  2 worker ant zombies
  A howler monkey zombie (D:5)
  5 adders
  5 gnolls
  3 shadow imps
  An ooze (D:4)
  An adder skeleton (D:6)
  An adder zombie (D:8)
  3 worms
  A dart slug (D:1)
  2 leopard geckos
  32 orcs
  4 ball pythons
  7 bats
  7 giant cockroaches
  5 goblins
  6 hobgoblins
  10 jackals
  2 quokkas
  8 frilled lizards
  9 kobolds
  A kobold zombie (D:4)
  9 rats
  A spectral orc (D:4)
277 creatures vanquished.

Vanquished Creatures (collateral kills)
  A two-headed ogre (D:9)
  Sigmund (D:3)
  An orc warrior (D:8)
  3 ogres
  A bullfrog (D:7)
  An orc wizard (D:8)
8 creatures vanquished.

Vanquished Creatures (others)
  3 dancing weapons
  2 slaves (D:7)
  An ogre (D:7)
  A jackal (D:7)
7 creatures vanquished.

Grand Total: 292 creatures vanquished

Notes
Turn   | Place    | Note
-------+----------+-------------------------------------------
     0 | D:1      | Amnesiac the Mummy Enchanter began the quest for the Orb.
     0 | D:1      | Reached XP level 1. HP: 13/13 MP: 4/4
    70 | D:3      | Found a shadowy altar of Dithmenos.
    79 | D:3      | Became a worshipper of Dithmenos the Shadowed
   107 | D:3      | Found a hazy altar of Hepliaklqana.
   151 | D:3      | Reached XP level 2. HP: 8/19 MP: 4/6
   329 | D:3      | Noticed Sigmund
   487 | D:3      | Found a sacrificial altar of Ru.
  1084 | D:1      | Reached XP level 3. HP: 24/24 MP: 7/7
  1089 | D:1      | Learned a level 3 spell: Confuse
  1093 | D:1      | Learned a level 3 spell: Tukima's Dance
  1617 | D:2      | Reached * piety under Dithmenos
  2585 | D:3      | Killed Sigmund
  2585 | D:3      | Reached skill level 5 in Hexes
  2585 | D:3      | Reached XP level 4. HP: 30/30 MP: 2/10
  2585 | D:3      | Reached XP level 5. HP: 35/35 MP: 2/11
  2700 | D:4      | Found a radiant altar of Vehumet.
  2751 | D:4      | Learned a level 1 spell: Confusing Touch
  2791 | D:4      | Noticed an ogre
  2800 | D:4      | Killed an ogre
  2800 | D:4      | Reached skill level 5 in Spellcasting
  2800 | D:4      | Reached XP level 6. HP: 41/41 MP: 1/13
  3020 | D:4      | Found a staircase to the Ecumenical Temple.
  3096 | D:4      | Found a basalt altar of Yredelemnul.
  3420 | D:4      | Found a runed door.
  3420 | D:4      | Noticed a human
  3432 | D:4      | Found a basalt altar of Yredelemnul.
  3721 | D:4      | Killed a human
  3721 | D:4      | Reached XP level 7. HP: 31/46 MP: 11/15
  3745 | D:5      | Entered Level 5 of the Dungeon
  3845 | D:5      | Found a bloodstained altar of Trog.
  4053 | D:5      | Found a sparkling altar of Nemelex Xobeh.
  4075 | D:5      | Learned a level 4 spell: Cause Fear
  4110 | D:5      | Noticed Grinder
  4133 | D:5      | Killed Grinder
  4220 | D:5      | Reached ** piety under Dithmenos
  4421 | D:6      | Found a glowing silver altar of Zin.
  4422 | D:6      | Found an opulent altar of Gozag.
  4437 | D:6      | Reached XP level 8. HP: 52/52 MP: 16/18
  4748 | D:6      | Got a crude leather armour
  5397 | D:7      | Noticed Pikel
  5420 | D:6      | Killed Pikel
  6372 | D:7      | Noticed a hippogriff
  6459 | D:7      | Reached skill level 1 in Shields
  6459 | D:7      | Reached XP level 9. HP: 57/57 MP: 16/22
  6825 | D:7      | Reached *** piety under Dithmenos
  6832 | D:7      | Reached skill level 1 in Fighting
  6931 | D:8      | Noticed Maurice
  6979 | D:8      | Found Dod Tujiena's Assorted Antiques.
  6983 | D:8      | Bought a scroll labeled ZUYSE LEXKEIT for 28 gold pieces
  6983 | D:8      | Bought a scroll labeled HUL OVASHRIESE for 28 gold pieces
  6983 | D:8      | Bought a glowing hunting sling for 126 gold pieces
  6983 | D:8      | Bought a glowing soapstone amulet for 140 gold pieces
  7027 | D:8      | Identified the cursed +0 leather armour of Beauty {rElec MR- rCorr SInv} (You found it on level 6 of the Dungeon)
  7113 | D:8      | Paralysed by Maurice for 5 turns
  7169 | D:8      | HP: 3/63 [Maurice/flail (4)]
  7186 | D:8      | HP: 3/63 [centaur/arrow (2)]
  7238 | D:8      | Found Lyjebb's Magic Scroll Boutique.
  7262 | D:8      | Found Makaimei's Book Emporium.
  7635 | D:8      | Found Oroawa's Food Shoppe.
  7959 | D:8      | Killed Maurice
  8332 | D:8      | Found Gygufet's Antique Weapon Shop.
  8387 | D:8      | Found a shimmering altar of Xom.
  8387 | D:8      | Found an iron altar of Okawaru.
  8387 | D:8      | Found a glowing golden altar of the Shining One.
  8801 | D:9      | Reached skill level 5 in Fighting
  8966 | D:9      | Reached skill level 1 in Short Blades
  8999 | D:9      | Reached XP level 10. HP: 73/74 MP: 23/23
  9052 | D:9      | Noticed a two-headed ogre
  9091 | D:9      | Killed a two-headed ogre
  9396 | D:9      | Reached **** piety under Dithmenos
  9427 | D:9      | Noticed a death yak
  9427 | D:9      | Noticed a death yak
  9463 | D:9      | Noticed a death yak
  9463 | D:9      | Noticed a death yak
  9686 | D:9      | Killed a death yak
  9686 | D:9      | Reached skill level 5 in Short Blades
  9724 | D:8      | Learned a level 2 spell: Ensorcelled Hibernation
  9728 | D:8      | Learned a level 3 spell: Dazzling Spray
  9989 | D:9      | Killed a death yak
 10137 | D:9      | Found a transporter.
 10217 | D:9      | Found a staircase to the Lair.
 10401 | D:9      | Killed a death yak
 10478 | D:9      | Found a staircase to the Lair.
 10840 | D:9      | Found a transporter.
 10997 | D:9      | Found a roughly hewn altar of Beogh.
 11002 | D:9      | Noticed a two-headed ogre
 11037 | D:9      | Found a transporter.
 11040 | D:9      | Killed a two-headed ogre
 11337 | D:9      | Got a warped helmet
 11571 | D:10     | Entered Level 10 of the Dungeon
 11631 | D:9      | Reached XP level 11. HP: 74/79 MP: 24/24
 11774 | D:9      | Identified the cursed -1 helmet of the Flute {rElec rPois rF- Regen+} (You found it on level 9 of the Dungeon)
 11864 | D:10     | Noticed a two-headed ogre
 11878 | D:10     | Killed a two-headed ogre
 12078 | D:10     | Reached skill level 5 in Stealth
 12095 | D:10     | Found a staircase to the Orcish Mines.
 12258 | D:10     | Got a translucent plate armour
 12296 | D:10     | Identified the +1 plate armour "Cumilua" {Int+2} (You found it on level 10 of the Dungeon)
 13083 | D:11     | Noticed a centaur warrior
 13099 | D:11     | Killed a centaur warrior
 13162 | D:11     | Noticed Harold
 13186 | D:11     | Reached ***** piety under Dithmenos
 13200 | D:11     | Killed Harold
 13667 | D:11     | Killed a death yak
 13778 | D:11     | Noticed a two-headed ogre
 13779 | D:11     | Noticed a two-headed ogre
 13801 | D:11     | Killed a two-headed ogre
 13801 | D:11     | Reached XP level 12. HP: 71/86 MP: 22/25
 13993 | D:11     | Found Xiqar's Assorted Antiques.
 14005 | D:11     | Killed a two-headed ogre
 14121 | Orc:1    | Entered Level 1 of the Orcish Mines
 14121 | Orc:1    | Noticed a stone giant
 14806 | D:10     | Learned a level 2 spell: Passwall
 14926 | D:11     | Found a roughly hewn altar of Beogh.
 14984 | D:12     | Reached skill level 5 in Dodging
 14984 | D:12     | Reached skill level 5 in Shields
 14992 | D:12     | Slain by a troll

Vault maps used:
D:1:      dpeg_arrival_connections
D:3:      nicolae_ru_sacrificial_ziggurat, lemuel_round_altar, first_ration,
          grunt_dithmenos_smoke, uniq_sigmund
D:4:      vehumet_altar_wand_db, yredelemnul_forgotten_temple_becter,
          temple_hall, dk_yredelemnul_ordeal
D:5:      nemelex_xobeh_ov_fountains_minmay, basic_altar, uniq_grinder
D:6:      grunt_temple_overflow_gold_and_silver
D:7:      uniq_pikel
D:8:      gammafunk_temple_overflow_claw, serial_shops, shop,
          nicolae_shop_behind_doors, shop, shop, shop, uniq_maurice
D:9:      gammafunk_beogh_shrine, dpeg_lair_monsters
D:10:     grunt_tengu_nest, minivault_10
D:11:     serial_shops, shop_coins, david_defended_altar_orc, uniq_harold
D:12:     centaur_isle
Orc:1:    serial_shops, shop, shop_fountains, nicolae_shop_waterfront

Skill      XL: |  1  2  3  4  5  6  7  8  9 10 11 12 |
---------------+-------------------------------------+-----
Hexes          | 3 5 6 7 9 |  9.0
Spellcasting   | 3 4 5 7 9 |  9.0
Shields        | 1 3 4 5 |  5.0
Fighting       | 5 6 |  6.1
Dodging        | 4 5 |  5.0
Short Blades   | 1 7 8 |  8.0
Stealth        | 8 |  8.8

Action                   |  1- 3 |  4- 6 |  7- 9 | 10-12 || total
-------------------------+-------+-------+-------+-------++-------
Melee: Dagger            |    18 |    22 |    72 |   208 ||   320
       Unarmed           |       |       |     9 |    15 ||    24
       Quick blade       |       |       |       |   461 ||   461
 Fire: Hunting sling     |   166 |   120 |   718 |       ||  1004
 Cast: Corona            |    16 |     3 |     7 |       ||    26
       Confuse           |     3 |    22 |   104 |    66 ||   195
       Tukima's Dance    |     1 |     1 |     7 |     5 ||    14
       Confusing Touch   |       |       |     3 |     6 ||     9
       Dazzling Spray    |       |       |       |     9 ||     9
       Ensorcelled Hiber |       |       |       |     4 ||     4
Invok: Shadow Step       |       |       |       |     1 ||     1
Evoke: Wand              |       |       |    13 |       ||    13
  Use: Scroll            |     2 |     1 |    11 |    11 ||    25
 Stab: Sleeping          |     1 |       |     2 |     9 ||    12
       Confused          |       |     4 |     4 |    56 ||    64
       Invisible         |       |       |       |     3 ||     3
Armor: Robe              |    40 |     2 |    25 |    36 ||   103
       Leather armour    |       |       |     7 |       ||     7
Dodge: Dodged            |    86 |    40 |   315 |   296 ||   737

Table legend:
 A = Spawn XP
 B = Non-spawn XP
 C = Spawn XP percentage of total XP
 D = Spawn monster count
 E = Non-spawn monster count
 F = Spawn count percentage of total count
 G = Total turns spent on level
                    A         B        C        D         E        F      G
               +---------+---------+-------+---------+---------+-------+---------
         Total |       0 |   25920 |   0.0 |       0 |     283 |   0.0 | 14992
               +---------+---------+-------+---------+---------+-------+---------
           D:1 |       0 |      26 |   0.0 |       0 |      16 |   0.0 |  1040
           D:2 |       0 |      51 |   0.0 |       0 |      21 |   0.0 |   818
           D:3 |       0 |     214 |   0.0 |       0 |      13 |   0.0 |   934
           D:4 |       0 |     637 |   0.0 |       0 |      16 |   0.0 |  1023
           D:5 |       0 |     480 |   0.0 |       0 |      10 |   0.0 |   656
           D:6 |       0 |     766 |   0.0 |       0 |      11 |   0.0 |  1032
           D:7 |       0 |    1126 |   0.0 |       0 |      32 |   0.0 |  1761
           D:8 |       0 |    1726 |   0.0 |       0 |      35 |   0.0 |  1993
           D:9 |       0 |    6378 |   0.0 |       0 |      47 |   0.0 |  2511
          D:10 |       0 |    5770 |   0.0 |       0 |      35 |   0.0 |  2296
          D:11 |       0 |    7933 |   0.0 |       0 |      42 |   0.0 |   864
          D:12 |       0 |     763 |   0.0 |       0 |       1 |   0.0 |    33
         Orc:1 |       0 |      50 |   0.0 |       0 |       4 |   0.0 |    31
               +---------+---------+-------+---------+---------+-------+---------
